 Dungeon Crawl Stone Soup version 0.30-a0-859-gf88a04b62d (webtiles) character file.

Game seed: 10352912992944292102

41 M4edhros the Trooper (level 3, -4/16 HPs)
             Began as an Octopode Chaos Knight on Mar 6, 2023.
             Was a Plaything of Xom.
             Slain by a black bear (7 damage)
             ... on level 2 of the Dungeon.
             The game lasted 00:02:03 (12030 turns).

M4edhros the Trooper (Octopode Chaos Knight)       Turns: 12030, Time: 00:02:03

Health: -4/16      AC:  3    Str:  7 (9)  XL:     3   Next: 52%
Magic:  3/3        EV: 13    Int:  9 (12) God:    Xom [......]
Gold:   114        SH:  0    Dex:  6 (13) Spells: 2/2 levels left

rFire   . . .      SeeInvis .    a - +0 mace (chaos)
rCold   . . .      Faith    .    (no shield)
rNeg    . . .      Spirit   .    (helmet restricted)
rPois   .          Reflect  .    (no amulet)
rElec   .          Rampage  .    (no ring)
rCorr   .          Rage     3%   (no ring)
Will    .....                    (no ring)
Stlth   ++                       (no ring)
HPRegen 0.22/turn                (no ring)
MPRegen 0.08/turn                (no ring)
                                 (no ring)
                                 (no ring)

@: bezotted
A: almost no armour, amphibious, 8 rings, camouflage 1, gelatinous body 1,
(nimble swimmer 1), tentacles, iridescent scales 1, berserk 1, dopey 1, frail 2,
weak 1
a: Renounce Religion


You were on level 2 of the Dungeon.
You worshipped Xom.
You were a very special plaything of Xom.
You visited 1 branch of the dungeon, and saw 2 of its levels.

You collected 114 gold pieces.

Inventory:

Hand Weapons
 a - a +0 mace of chaos (weapon)
 m - a +0 club
Missiles
 n - 13 stones
Scrolls
 d - 2 scrolls of vulnerability
 e - a scroll of noise {unknown}
 h - a scroll of amnesia {unknown}
 j - 2 scrolls of immolation {unknown}
Potions
 c - a potion of degeneration
 f - a potion of brilliance {unknown}
 g - 2 potions of mutation {unknown}
 i - a potion of cancellation {unknown}
 k - a potion of attraction {unknown}
Miscellaneous
 b - a piece from Xom's chessboard (15/15) (quivered)
 l - a phial of floods (inert)


   Skills:
 + Level 3.7 Fighting
 - Level 3.0 Maces & Flails
 + Level 3.3 Dodging


You had 2 spell levels left.
You didn't know any spells.
Your spell library was empty.

Dungeon Overview and Level Annotations

Branches:
Dungeon (2/15) Zot: 936

Altars:
Xom


Innate Abilities, Weirdness & Mutations

You cannot wear most types of armour.
You are amphibious.
You can wear up to eight rings at the same time.
Your skin changes colour to match your surroundings (Stealth+).
Your rubbery body absorbs attacks. (AC +1, EV +1)
((You are camouflaged when in or above water. (Stealth+)))
You have tentacles for arms and can constrict up to eight enemies at once.
You are partially covered in iridescent scales. (AC +2)
You sometimes lose your temper in combat.
You are dopey. (Int -2)
You are very frail. (-20% HP)
You are weak. (Str -2)


Message History

Unknown command.
The goblin attacks as you move away! The goblin closely misses you.
The goblin attacks as you move away! The goblin hits you with a +0 club.
You are too injured to fight recklessly!
You hit the goblin.
The goblin resists with significant effort.
You grab the goblin.
The goblin is heavily wounded.
You constrict the goblin, but do no damage.
The goblin hits you but does no damage.
You sock the goblin! You freeze the goblin.
You kill the goblin!
You see here a +0 club.
A worm is nearby!
Really rest while Zot is near? [Y]es or [N]o only, please.
Really rest while Zot is near? [Y]es or [N]o only, please.
Really rest while Zot is near? [Y]es or [N]o only, please.
Really rest while Zot is near? [Y]es or [N]o only, please.
Really rest while Zot is near? [Y]es or [N]o only, please.
Really rest while Zot is near?
Okay, then.
You hit the worm. You burn the worm. You grab the worm.
The worm is lightly wounded.
You constrict the worm. The worm bites you!
Ouch! That really hurt!
* * * LOW HITPOINT WARNING * * *
A shower of butterflies erupts from you!
You hit the worm.
You lose your grip on the black bear.
The worm evaporates and reforms as a black bear!
Xom is mildly amused.
You grab the black bear.
The black bear is moderately wounded.
You constrict the black bear. The black bear bites you!
You die...
Xom bursts into laughter!

#### #######......#
#######..###............#
#...................)..## ###
..####..##.#.........<..###..
#....###....)..........#...
#.######...................
#.#####....................
#.##..............)........
#####.#.......@............#...
#[........##b.h..b.............
#.........###b#..........##....
.##.............##...#...###.....
............##...................
............###........###..##...
.#..........##...........#.###.##
.####..........................#
.....[..........~####......###.#


You could see a black bear (ally target).

Vanquished Creatures
  An adder (D:2)
  2 worms (D:2)
  2 endoplasms (D:1)
  2 giant cockroaches (D:1)
  5 goblins
  A hobgoblin (D:1)
  3 kobolds (D:1)
  A quokka (D:1)
  3 ball pythons (D:1)
  A bat (D:1)
  2 frilled lizards (D:1)
  A rat (D:1)
  A spectral goblin (D:2)
25 creatures vanquished.

Notes
Turn   | Place    | Note
-------+----------+-------------------------------------------
     0 | D:1      | M4edhros the Octopode Chaos Knight began the quest for the
                  | Orb.
     0 | D:1      | Reached XP level 1. HP: 16/16 MP: 1/1
   200 | D:1      | Reached XP level 2. HP: 16/21 MP: 2/2
   339 | D:1      | XOM: silly message
   399 | D:1      | You fall into a shaft and drop 1 floor!
   464 | D:2      | Found a faded altar of an unknown god.
   594 | D:1      | Reached XP level 3. HP: 26/26 MP: 3/3
   881 | D:1      | XOM: silly message
  1189 | D:1      | XOM: god gift: phial of floods
  1736 | D:1      | XOM: cloud trail
  1950 | D:1      | XOM: noise
  2761 | D:1      | XOM: god gift: 5 stones
  2875 | D:1      | XOM: scenery: create altars
  3137 | D:1      | XOM: summons 2 hostile demons
  5733 | D:1      | XOM: summons 2 hostile demons
  5750 | D:1      | XOM: smoke on damage
  6266 | D:1      | XOM: give mutations
  6266 | D:1      | Gained mutation: You sometimes lose your temper in combat.
                  | [Xom's mischief]
  6266 | D:1      | Gained mutation: You are partially covered in iridescent
                  | scales. (AC +2) [Xom's mischief]
  6266 | D:1      | Gained mutation: You are weak. (Str -2) [Xom's mischief]
  6508 | D:1      | XOM: divination: detect items
  6705 | D:1      | XOM: torment (14/26 hp)
  6997 | D:1      | XOM: give mutations
  6997 | D:1      | Gained mutation: You are frail. (-10% HP) [Xom's mischief]
  6997 | D:1      | Gained mutation: You are very frail. (-20% HP) [Xom's
                  | mischief]
  6997 | D:1      | Gained mutation: You have very sharp teeth. [Xom's
                  | mischief]
  6997 | D:1      | Lost mutation: You have very sharp teeth. [Xom's mischief]
  9747 | D:1      | XOM: cloud trail
 10983 | D:1      | Glimpsed the power of Zot.
 11175 | D:1      | XOM: god gift: 2 smoky silvery potions {god gift}
 11483 | D:1      | Glimpsed the power of Zot.
 11512 | D:1      | XOM: give mutations
 11512 | D:1      | Lost mutation: You sometimes lose your temper in combat.
                  | [Xom's mischief]
 11512 | D:1      | Gained mutation: You are dopey. (Int -2) [Xom's mischief]
 11512 | D:1      | Gained mutation: You sometimes lose your temper in combat.
                  | [Xom's mischief]
 11530 | D:1      | XOM: cloud trail
 11703 | D:1      | XOM: divination: detect creatures
 11883 | D:1      | XOM: stat loss: -1 Str (7/9)
 11883 | D:1      | Glimpsed the power of Zot.
 11968 | D:2      | Touched by the power of Zot.
 11969 | D:2      | Glimpsed the power of Zot.
 12029 | D:2      | XOM: butterfly on damage
 12030 | D:2      | a worm changed into a black bear
 12030 | D:2      | Noticed a black bear
 12030 | D:2      | Slain by a black bear

Illustrated notes

Levels and vault maps discovered:
D:1:      wander_arrival_lonely_grave, layout_rooms, serial_rivers,
          chequers_serial_rivers_large_a, chequers_serial_rivers_marsh,
          chequers_serial_rivers_micro_b, chequers_serial_rivers_micro_a
D:2:      layout_rooms, dreamdust_ecumenical_altar_drowned_temple

Skill      XL: |  1  2 |
---------------+-------+-----
Dodging        | 3 |  3.3
Fighting       | |  3.7
Maces & Flails | |  3.0

Action                     || total
---------------------------++-------
  Melee: Mace              ||    78
         Constrict         ||    17
         Tentacles         ||    14
  Evoke: Phial of floods   ||     1
    Use: Potion            ||     4
         Scroll            ||     2
   Stab: Sleeping          ||     4
 Armour: Skin              ||    18
  Dodge: Dodged            ||    77

Table legend: (Time is in decaauts)
 A = Elapsed time spent in this place.
 B = Non-inter-level travel time spent in this place.
 C = Inter-level travel time spent in this place.
 D = Time resting spent in this place.
 E = Time spent auto-exploring this place.
 F = Levels seen in this place.
 G = Mean time per level.
                   A        B        C        D        E       F      G
               +--------+--------+--------+--------+--------+-----+--------+
         Total |  12062 |  12020 |     42 |  11101 |    619 |   2 | 6031.0 |
       Dungeon |  12062 |  12020 |     42 |  11101 |    619 |   2 | 6031.0 |
               +--------+--------+--------+--------+--------+-----+--------+

Top non-repeatable levels by time:
     D:1: 11816 daAuts
     D:2: 246 daAuts
